 Dungeon Crawl Stone Soup version 0.21.1-1-g345015f (webtiles) character file.

132 Psiloshibe the Slasher (level 5, -3/43 HPs)
             Began as a Barachi Berserker on Apr 15, 2018.
             Was a Believer of Trog.
             Slain by Crazy Yiuf
             ... wielding a +4 quarterstaff of chaos
              (18 damage)
             ... on level 2 of the Dungeon.
             The game lasted 00:06:05 (2257 turns).

Psiloshibe the Slasher (Barachi Berserker)          Turns: 2257, Time: 00:06:06

Health: -3/43      AC: 10    Str: 18    XL:     5   Next: 15%
Magic:  5/5        EV:  8    Int:  8    God:    Trog [**....]
Gold:   173        SH:  7    Dex: 12    Spells: 4/4 levels left

rFire    . . .     SeeInvis .   a - +0 falchion
rCold    . . .     Gourm    .   j - +0 shield
rNeg     . . .     Faith    .   h - +0 scale mail
rPois    .         Spirit   .   x - +0 helmet
rElec    .         Reflect  .   (no cloak)
rCorr    .         Harm     .   f - +0 pair of gloves
MR       +++..                  b - +0 pair of boots
Stlth    ..........             (no amulet)
HPRegen  1.14/turn              m - ring of protection from magic
MPRegen  0.09/turn              (no ring)

@: lethally poisoned (-3 -> -4), regenerating, slowed, very slow
A: +LOS, swims, slowness 1, strong legs 1
a: Hop, Berserk, Trog's Hand, Burn Spellbooks, Renounce Religion


You were on level 2 of the Dungeon.
You worshipped Trog.
Trog was pleased with you.
You were not hungry.

You visited 1 branch of the dungeon, and saw 2 of its levels.

You collected 173 gold pieces.

Inventory:

Hand Weapons
 a - a +0 falchion (weapon)
 o - a +1 dagger of protection
 p - a +2 dagger of protection
Missiles
 v - 3 javelins (quivered)
Armour
 b - a +0 pair of boots (worn)
 f - a +0 pair of gloves (worn)
 h - a +0 scale mail (worn)
 j - a +0 shield (worn)
 x - a +0 helmet (worn)
Jewellery
 m - a ring of protection from magic (left hand)
Scrolls
 d - 4 scrolls of identify
 g - 2 scrolls of teleportation {unknown}
 k - a scroll of noise {unknown}
 l - a scroll of enchant armour {unknown}
 r - a scroll of remove curse {unknown}
 s - a scroll of random uselessness {unknown}
Potions
 e - 5 potions of heal wounds
 i - a potion of berserk rage {unknown}
 n - a potion of curing {unknown}
 q - 2 potions of resistance {unknown}
 t - a potion of degeneration {unknown}
 u - 2 potions of mutation {unknown}
Comestibles
 c - 5 rations


   Skills:
 + Level 4.7 Fighting
 + Level 5.1 Long Blades
 + Level 3.0 Armour
 + Level 2.8 Dodging
 + Level 0.4 Stealth
 + Level 0.9 Shields


You had 4 spell levels left.
You didn't know any spells.

Dungeon Overview and Level Annotations

Branches:
Dungeon (2/15)

Altars:

Annotations:
D:2 Crazy Yiuf


Innate Abilities, Weirdness & Mutations

Shadows flee at your approach. (+LOS)
You can swim through water.
You cover ground slowly.
You can hop short distances.


Message History

Crazy Yiuf hits you with a quarterstaff of chaos!
Crazy Yiuf draws strength from your wounds!
You closely miss Crazy Yiuf.
Crazy Yiuf whimpers, "Goober!"
You block Crazy Yiuf's attack.
You hit Crazy Yiuf but do no damage.
Crazy Yiuf hits you with a quarterstaff of chaos!
You are poisoned.
Your shield prevents you from hitting Crazy Yiuf.
You feel sick. You block Crazy Yiuf's attack.
You barely miss Crazy Yiuf.
You feel sick.
Crazy Yiuf whimpers, "Ghoul King water!"
Crazy Yiuf hits you with a quarterstaff of chaos!
You feel yourself slow down.
Your skin crawls.
You feel resistant to hostile enchantments.
You feel somewhat more hungry. Crazy Yiuf hits you but does no damage.
Space bends around you. Crazy Yiuf hits you but does no damage.
You are electrocuted!
You die...

.................<....#
####.##.##.############
# #.##.##.# # #.#######
# #.# # #.# ##♣♣♣♣♣
###(###...♣.♣♣♣ ####
#..........♣..♣#...#
#.##......♣♣♣♣.@g..#
#.###.#..♣♣ ♣♣#..)# #.#
####♣♣ #### #.# #.#
##.###### ........#
...###### ####


You could see Crazy Yiuf.

Vanquished Creatures
  Jessica (D:2)
  5 adders (D:2)
  An ooze (D:1)
  2 leopard geckos
  3 ball pythons (D:2)
  2 giant cockroaches (D:1)
  15 goblins
  6 hobgoblins
  A quokka (D:2)
  5 bats
  4 frilled lizards
  3 kobolds
  7 rats
55 creatures vanquished.

Notes
Turn   | Place    | Note
-------+----------+-------------------------------------------
     0 | D:1      | Psiloshibe the Barachi Berserker began the quest for the Orb.
     0 | D:1      | Reached XP level 1. HP: 18/18 MP: 1/1
   211 | D:1      | Reached XP level 2. HP: 21/25 MP: 2/2
   232 | D:1      | Reached skill level 4 in Long Blades
  1080 | D:1      | Reached XP level 3. HP: 30/30 MP: 3/3
  1417 | D:2      | Reached ** piety under Trog
  1417 | D:2      | Reached XP level 4. HP: 27/38 MP: 4/4
  1609 | D:2      | Noticed Jessica
  1620 | D:2      | Killed Jessica
  1620 | D:2      | Reached skill level 5 in Long Blades
  1620 | D:2      | Reached XP level 5. HP: 34/43 MP: 5/5
  1697 | D:2      | Found a runed door.
  2248 | D:2      | Noticed Crazy Yiuf
  2257 | D:2      | Slain by Crazy Yiuf

Skill      XL: |  1  2  3  4 |
---------------+-------------+-----
Long Blades    | 4 5 |  5.1
Fighting       | 4 |  4.7
Armour         | 3 |  3.0
Dodging        | |  2.8
Stealth        | |  0.4
Shields        | |  0.9

Action                   |  1- 3 |  4- 6 || total
-------------------------+-------+-------++-------
Melee: Falchion          |   105 |    64 ||   169
Invok: Berserk           |     1 |       ||     1
       Trog's Hand       |       |     1 ||     1
  Use: Scroll            |       |     1 ||     1
  Eat: Chunk             |     2 |     5 ||     7
Armor: Animal skin       |    23 |       ||    23
       Scale mail        |    29 |    33 ||    62
Dodge: Dodged            |    85 |    24 ||   109
Block: Shield            |    25 |    29 ||    54
       Rpst.: Falchion   |    19 |    10 ||    29
